 Dungeon Crawl Stone Soup version 0.25-a0-353-ged6d54792d (webtiles) character file.

Game seed: 7746051959921222642, levelgen mode: deterministic

34 BritishOli the Slasher (level 3, -1/28 HPs)
             Began as a Demonspawn Gladiator on Jan 2, 2020.
             Killed by nerve-wracking pain
             ... invoked by Jessica
              (10 damage)
             ... on level 2 of the Dungeon.
             The game lasted 00:01:01 (544 turns).

BritishOli the Slasher (Demonspawn Gladiator)        Turns: 544, Time: 00:01:02

Health: -1/28      AC:  4    Str: 15    XL:     3   Next: 14%
Magic:  3/3        EV: 13    Int:  9    God:
Gold:   58         SH:  0    Dex: 14    Spells: 2/2 levels left

rFire    . . .     SeeInvis .   a - +0 long sword
rCold    . . .     Gourm    .   (no shield)
rNeg     . . .     Faith    .   b - +0 leather armour
rPois    .         Spirit   .   c - +0 helmet
rElec    .         Reflect  .   (no cloak)
rCorr    .         Harm     .   (no gloves)
MR       .....                  (no boots)
Stlth    +.........             (no amulet)
HPRegen  0.09/turn              (no ring)
MPRegen  0.08/turn              (no ring)

@: no status effects
A: powered by death 1, rot immunity
a: no special abilities


You were on level 2 of the Dungeon.
You were not hungry.

You visited 1 branch of the dungeon, and saw 2 of its levels.

You collected 58 gold pieces.

Inventory:

Hand Weapons
 a - a +0 long sword (weapon)
Missiles
 d - 3 throwing nets (quivered)
Armour
 b - a +0 leather armour (worn)
 c - a +0 helmet (worn)
Jewellery
 l - an uncursed ring of protection from magic {unknown}
Scrolls
 e - a scroll of amnesia {unknown}
 g - a scroll of fog {unknown}
 h - 2 scrolls of teleportation {unknown}
 i - a scroll of immolation {unknown}
 j - a scroll of blinking {unknown}
 k - a scroll of identify {unknown}
Comestibles
 f - 2 rations


   Skills:
 + Level 2.5 Fighting
 * Level 3.1 Long Blades
 - Level 2.0 Throwing
 + Level 3.0 Dodging


You had 2 spell levels left.
You didn't know any spells.
Your spell library was empty.

Dungeon Overview and Level Annotations

Branches:
Dungeon (2/15)

Altars:

Annotations:
D:2 Jessica


Innate Abilities, Weirdness & Mutations

You regenerate a little health from kills.
You are immune to rotting.


Message History

You slash the hobgoblin!
You kill the hobgoblin!
No target in view!
Jessica the Apprentice Sorceress comes into view.
Jessica casts a spell at you. Pain shoots through your body!
Jessica mumbles some strange words.
Jessica seems to speed up.
You hit Jessica.
Jessica is severely wounded.
Jessica hits you but does no damage.
Jessica mumbles some strange words.
Jessica blinks!
Jessica gestures at you while chanting. Pain shoots through your body!
Jessica points at you and mumbles some strange words.
Pain shoots through your body! Jessica casts a spell at you.
Pain shoots through your body!
You die...

#.# #.#.#
#.#.# #.#.#
#.#.# #.#.#
#.#.#
#.#######.#.##
#.......@.@..#
############.#
#.# #.# #.#
######.#
#...##.#
###...##.#
#.....##.#


You could see Jessica.

Vanquished Creatures
  2 leopard geckos (D:1)
  3 bats (D:1)
  8 goblins (D:1)
  2 hobgoblins
  3 jackals (D:1)
  3 kobolds (D:1)
  2 frilled lizards (D:1)
  6 rats (D:1)
29 creatures vanquished.

Notes
Turn   | Place    | Note
-------+----------+-------------------------------------------
     0 | D:1      | BritishOli the Demonspawn Gladiator began the quest for the
                  | Orb.
     0 | D:1      | Reached XP level 1. HP: 16/16 MP: 1/1
    61 | D:1      | Gained mutation: You are immune to rotting. [demonic
                  | ancestry]
    61 | D:1      | Reached XP level 2. HP: 20/22 MP: 2/2
   286 | D:1      | Gained mutation: You regenerate a little health from kills.
                  | [demonic ancestry]
   286 | D:1      | Reached XP level 3. HP: 23/28 MP: 3/3
   536 | D:2      | Noticed Jessica
   544 | D:2      | Killed from afar by Jessica

Levels and vault maps discovered:
D:1:      scummos_arrival_simple_crosswalls, layout_rooms, serial_forest,
          infiniplex_forest_lined_2, infiniplex_forest_clump_long,
          infiniplex_forest_lined_ring, infiniplex_forest_end_2,
          serial_park_tiny_2, serial_bayou_crossing
D:2:      minmay_chambers_of_ones, layout_basic, uniq_jessica, uniq_terence,
          uniq_natasha

Skill      XL: |  1  2 |
---------------+-------+-----
Throwing       | 2 |  2.0
Long Blades    | 3 |  3.1
Dodging        | 3 |  3.0
Fighting       | |  2.5

Action                   || total
-------------------------++-------
Melee: Long sword        ||    65
 Stab: Distracted        ||     1
Armor: Leather armour    ||    15
Dodge: Dodged            ||    42
       Rpst.: Long sword ||    12

Table legend:
 A = Non-vault XP
 B = Vault XP
 C = Vault XP percentage of total XP
 D = Non-vault monster count
 E = Vault monster count
 F = Vault count percentage of total count
                 A         B        C        D         E       F
            +---------+---------+-------+---------+---------+-------
      Total |      49 |       0 |   0.0 |      29 |       0 |   0.0
            +---------+---------+-------+---------+---------+-------
        D:1 |      47 |       0 |   0.0 |      28 |       0 |   0.0
        D:2 |       2 |       0 |   0.0 |       1 |       0 |   0.0
            +---------+---------+-------+---------+---------+-------
